AoeStats
← Capt_Obv

Arabia

509371280Analyzed
1v1 RM · 4d ago on Sep 26, 2026· 64m 1s· 2 players
Game mode
Random Map
Map size
Tiny (2 player)
Population
200
Speed
Normal
Resources
Standard
Victory
Conquest
Starting age
Dark Age
Ending age
Imperial Age
RankedLock teamsTeams togetherTeam positionsShared explorationLock speedFull tech treeHidden civsTurbo modeCheats
Victory
Defeat
🇨🇳 Slavs · China
409
+5
🇺🇸 Celts · United States
108
-5
Capt_Obv
13:24 Feudal Age
14:07 Loom
15:56 Double-Bit Axe
16:27 Man-at-Arms
19:56 Wheelbarrow
25:45 Castle Age
26:34 Scale Mail Armor
26:45 Forging
29:19 Long Swordsman
29:21 Pikeman
29:47 Gambesons
31:56 Hand Cart
32:47 Arson
37:44 Iron Casting
37:25 Chain Mail Armor
39:07 Stronghold
48:20 Imperial Age
48:58 Bow Saw
48:36 Horse Collar
48:56 Fletching
52:54 Capped Ram
54:15 Two-Handed Swordsman
57:14 Plate Mail Armor
57:45 Blast Furnace
56:41 Bodkin Arrow
57:24 Champion
57:48 Siege Ram
1041600435
12:11 Feudal Age
13:42 Wheelbarrow
14:06 Horse Collar
15:10 Double-Bit Axe
16:27 Gold Mining
22:43 Castle Age
23:42 Hand Cart
24:11 Bow Saw
24:03 Heavy Plow
24:47 Gold Shaft Mining
24:03 Stone Mining
32:07 Imperial Age
31:05 Pikeman
32:28 Bloodlines
32:20 Husbandry
35:06 Two-Man Saw
36:45 Cavalier
41:32 Halberdier
42:14 Squires
44:55 Conscription
45:06 Scale Barding Armor
45:12 Forging
49:24 Elite Boyar
51:27 Chain Barding Armor
51:43 Iron Casting
53:01 Heavy Scorpion
Connection lost

Rejoining the realm…

Still unreachable

The connection could not be restored.

Session expired

The server has moved on; the page needs a fresh start.